Saguenéens vs Diables
(R1)
Created - 30 novembre 2015 at 19:03
Goals
|
| Saguenéens |
1 |
1 |
0 |
2 |
| Diables |
0 |
2 |
3 |
5 |
|
Shots
|
| Saguenéens |
7 |
4 |
11 |
22 |
| Diables |
4 |
17 |
18 |
39 |
|
1st period
1. Saguenéens , Kyle Brodziak 12 (Luke Witkowski, Tyler Pitlick) at 14:58
Penalties :
Tyler Bozak (Alm) for Roughing (Double Minor) at 3:34, Steve Quailer (Alm) for Hooking (Minor) at 16:04
2nd period
2. Saguenéens , Tim Kennedy 6 (David Rundblad, Eric Tangradi) at 2:01
3. Diables , Brett Maclean 8 (Tyler Bozak) at 13:38
4. Diables , Kellan Lain 11 (Tyler Bozak, Craig Smith) at 15:58
Penalties :
David Rundblad (Chi) for High sticking (Minor) at 2:24, Cody Goloubef (Chi) for Hooking (Minor) at 5:26, Lukas Krajicek (Alm) for Diving (Minor) at 13:43, Pierre-Cédric Labrie (Alm) for Holding (Minor) at 16:11, Eric Tangradi (Chi) for Tripping (Minor) at 19:14
3rd period
5. Diables , Taylor Beck 1 (Jamie Arniel, Tyson Barrie) at 13:16
6. Diables , Kellan Lain 12 (Steve Quailer, Pierre-Cédric Labrie) at 14:11 (PP)
7. Diables , Craig Smith 14 (Josh Meyers, Tomas Kubalik) at 17:17
Penalties :
Kellan Lain (Alm) for Fighting (Major) at 5:53, Kyle Brodziak (Chi) for Fighting (Major) at 5:53, Tyler Pitlick (Chi) for Slashing (Minor) at 13:31, David Rundblad (Chi) for High sticking (Minor) at 19:37
Goalie Stats
Harru Sateri (Chi), 34 saves from 39 shots - (0,872), L, 5-4-0, 60:00 minutes
Frederik Andersen (Alm), 20 saves from 22 shots - (0,909), W, 10-8-1, 60:00 minutes
Players Stats for Saguenéens
Player Name G A P +/- PIM S H SB GA TA FO MP PP MP PK MP
------------------------------------------------------------------------------------
Brandon Burlon 0 0 0 -3 0 0 3 3 0 0 0/0 21:03 2:40 2:33
Brendan Ranford 0 0 0 -2 0 0 1 0 0 1 0/0 11:22 1:08 2:35
Brian Flynn 0 0 0 1 0 0 2 1 1 0 9/13 14:47 4:12 0:15
Cody Goloubef 0 0 0 -3 2 0 1 1 0 1 0/0 24:47 5:22 3:01
Dalton Prout 0 0 0 0 0 1 2 1 0 1 0/0 20:11 1:00 2:39
David Laliberté 0 0 0 1 0 0 2 0 1 0 0/1 17:03 4:37 1:19
David Rundblad 0 1 1 0 4 1 2 2 0 0 0/0 24:01 4:11 2:39
Eric Tangradi 0 1 1 0 2 6 0 0 2 0 0/0 21:49 4:09 3:02
J.T. Wyman 0 0 0 -2 0 0 0 1 2 0 0/0 9:46 1:09 0:00
Jim O'Brien 0 0 0 -2 0 0 1 1 0 0 5/5 11:18 1:08 1:56
Kyle Brodziak 1 0 1 0 5 5 3 0 0 0 16/37 21:42 4:36 4:48
Luke Witkowski 0 1 1 1 0 1 0 2 0 1 0/0 19:23 3:34 2:33
Mathieu Perreault 0 0 0 -1 0 0 4 1 0 0 2/5 14:36 4:39 0:00
Mike Sauer 0 0 0 1 0 0 0 1 0 1 0/0 9:59 3:05 0:33
Rhett Rakhshani 0 0 0 -1 0 2 1 0 0 0 0/1 10:11 0:00 0:00
Tim Kennedy 1 0 1 1 0 5 0 0 0 0 1/3 12:24 0:00 0:03
Tyler McNeely 0 0 0 -1 0 1 1 0 0 1 0/1 10:11 0:00 0:00
Tyler Pitlick 0 1 1 0 2 0 4 0 0 4 0/0 18:22 4:10 0:00
Players Stats for Diables
Player Name G A P +/- PIM S H SB GA TA FO MP PP MP PK MP
------------------------------------------------------------------------------------
Brett Maclean 1 0 1 0 0 6 0 1 0 1 3/5 24:03 4:02 4:39
Brian Dumoulin 0 0 0 0 0 1 1 1 0 0 0/0 11:28 0:00 1:59
Craig Smith 1 1 2 1 0 6 1 0 0 0 3/5 12:51 0:00 1:15
Damien Brunner 0 0 0 0 0 1 4 1 2 0 1/3 22:05 4:02 3:21
Dustin Kohn 0 0 0 0 0 5 2 0 2 0 0/0 28:44 5:25 5:37
J.T. Brown 0 0 0 1 0 1 0 0 0 0 0/0 6:29 0:00 0:00
Jamie Arniel 0 1 1 1 0 0 1 0 0 0 0/0 6:09 0:00 0:00
Josh Meyers 0 1 1 3 0 0 0 0 0 0 0/0 17:48 0:00 3:43
Kellan Lain 2 0 2 0 5 6 2 1 0 0 6/15 15:55 2:57 3:21
Lukas Krajicek 0 0 0 -1 2 3 0 2 1 0 0/0 28:37 5:25 4:14
Matt Jones 0 0 0 -1 0 0 2 2 1 1 0/0 16:56 1:34 3:43
Patrick Maroon 0 0 0 1 0 1 3 0 1 0 0/0 12:10 0:00 1:38
Pierre-Cédric Labrie 0 1 1 0 2 4 0 0 1 1 0/0 14:28 2:57 0:00
Steve Quailer 0 1 1 0 2 2 2 1 0 0 0/0 13:48 2:57 0:00
Taylor Beck 1 0 1 1 0 1 2 0 1 0 1/2 9:18 0:00 2:28
Tomas Kubalik 0 1 1 1 0 0 0 0 0 0 0/0 10:32 0:00 0:00
Tyler Bozak 0 2 2 0 4 1 3 0 1 3 19/36 22:02 4:02 3:10
Tyson Barrie 0 1 1 3 0 1 0 0 0 0 0/0 16:36 1:34 0:36
3 Stars
1 - Craig Smith (Alm)
2 - Taylor Beck (Alm)
3 - Kellan Lain (Alm)
Power Play
Saguenéens - 0 on 5 Attempt(s) - 0,00%
Diables - 1 on 5 Attempt(s) - 20,00%
Penalty Kill
Saguenéens - 4 on 5 Attempt(s) - 80,00%
- Score 0 goal in Penalty Kill
Diables - 5 on 5 Attempt(s) - 100,00%
- Score 0 goal in Penalty Kill
Team Stat
Saguenéens - Hits : 27 - Faceoff Wins : 33 - Blocked Shots : 14 - Penalty Minutes : 15
Diables - Hits : 23 - Faceoff Wins : 33 - Blocked Shots : 9 - Penalty Minutes : 15
Official
Referees : Devorski Paul and VanMassenhoven Don
Linesman : Steve Barton and Steve Miller
Game Notes
Mike Sauer is injured at 2:57 of 2nd period (Upper Body)
Kellan Lain and Kyle Brodziak fight to a draw at 5:53 of 3rd period
Finance
Level 1 -- Attendance: 1349 (67,45%) -- Ticket Income 47 215 $
Level 2 -- Attendance: 783 (78,30%) -- Ticket Income 11 745 $
Total Attendance: 2132 (71,07%)
Total Ticket Income: 58 960 $
Other Income: 2 948 $
Total Income: 61 908 $
Saguenéens
5 vs 5 Forward
Center Left Wing Right Wing Time % Phy DF OF
1 Kyle Brodziak Eric Tangradi Tyler Pitlick 40 1 2 2
2 Brian Flynn Tim Kennedy David Laliberté 30 1 2 2
3 Mathieu Perreault Tyler McNeely Rhett Rakhshani 20 1 2 2
4 Jim O'Brien Brendan Ranford J.T. Wyman 10 1 2 2
5 vs 5 Defense
Defense Defense Time % Phy DF OF
1 Mike Sauer David Rundblad 40 1 2 2
2 Cody Goloubef Brandon Burlon 31 1 2 2
3 Luke Witkowski Dalton Prout 23 1 2 2
4 Dalton Prout David Rundblad 6 1 2 2
PowerPlay Forward
Center Left Wing Right Wing Time % Phy DF OF
1 Kyle Brodziak Mathieu Perreault David Laliberté 60 1 2 2
2 Brian Flynn Eric Tangradi Tyler Pitlick 40 1 2 2
PowerPlay Defense
Defense Defense Time % Phy DF OF
1 Mike Sauer Cody Goloubef 60 1 2 2
2 Luke Witkowski David Rundblad 40 1 2 2
Penalty Kill 4 Players Forward
Center Wing Time % Phy DF OF
1 Kyle Brodziak Eric Tangradi 60 1 2 2
2 Jim O'Brien David Laliberté 40 1 2 2
Penalty Kill 4 Players Defense
Defense Defense Time % Phy DF OF
1 David Rundblad Mike Sauer 60 1 2 2
2 Luke Witkowski Brandon Burlon 40 1 2 2
Penalty Kill - 3 Players Forward
Forward Time % Phy DF OF
1 Kyle Brodziak 60 1 2 2
2 David Laliberté 40 1 2 2
Penalty Kill - 3 Players Defense
Defense Defense Time % Phy DF OF
1 David Rundblad Mike Sauer 60 1 2 2
2 Cody Goloubef Brandon Burlon 40 1 2 2
4 vs 4 Forward
Center Wing Time % Phy DF OF
1 Kyle Brodziak Eric Tangradi 60 1 2 2
2 Brian Flynn David Laliberté 40 1 2 2
4 vs 4 Defense
Defense Defense Time % Phy DF OF
1 Mike Sauer David Rundblad 60 1 2 2
2 Cody Goloubef Luke Witkowski 40 1 2 2
Last Minutes Offensive
Center Left Wing Right Wing Defense Defense
Kyle Brodziak Brian Flynn David Laliberté Mike Sauer David Rundblad
Last Minutes Defensive
Center Left Wing Right Wing Defense Defense
Kyle Brodziak Brian Flynn David Laliberté Mike Sauer David Rundblad
Goaltenders
Starting : Harru Sateri
Backup : Mike Murphy
Extra Forwards
Normal : Tim Kennedy, J.T. Wyman, Kyle Brodziak - PP : Eric Tangradi, David Laliberté - PK : Eric Tangradi
Extra Defensemen
Normal : Dalton Prout, Mike Sauer, David Rundblad - PP : Brandon Burlon - PK : Cody Goloubef, Dalton Prout
Penalty Shots
Kyle Brodziak, Mathieu Perreault, David Laliberté, Tim Kennedy, Brian Flynn
Diables
5 vs 5 Forward
Center Left Wing Right Wing Time % Phy DF OF
1 Tyler Bozak Brett Maclean Damien Brunner 40 1 2 2
2 Kellan Lain Pierre-Cédric Labrie Steve Quailer 30 1 2 2
3 Craig Smith Patrick Maroon Tomas Kubalik 20 1 2 2
4 Jamie Arniel Taylor Beck J.T. Brown 10 1 2 2
5 vs 5 Defense
Defense Defense Time % Phy DF OF
1 Lukas Krajicek Dustin Kohn 40 1 2 2
2 Tyson Barrie Josh Meyers 30 1 2 2
3 Brian Dumoulin Matt Jones 20 1 2 2
4 Lukas Krajicek Matt Jones 10 1 2 2
PowerPlay Forward
Center Left Wing Right Wing Time % Phy DF OF
1 Tyler Bozak Brett Maclean Damien Brunner 60 1 2 2
2 Kellan Lain Pierre-Cédric Labrie Steve Quailer 40 1 2 2
PowerPlay Defense
Defense Defense Time % Phy DF OF
1 Lukas Krajicek Dustin Kohn 60 1 2 2
2 Matt Jones Tyson Barrie 40 1 2 2
Penalty Kill 4 Players Forward
Center Wing Time % Phy DF OF
1 Brett Maclean Tyler Bozak 60 1 2 2
2 Damien Brunner Kellan Lain 40 1 2 2
Penalty Kill 4 Players Defense
Defense Defense Time % Phy DF OF
1 Lukas Krajicek Dustin Kohn 60 1 2 2
2 Matt Jones Josh Meyers 40 1 2 2
Penalty Kill - 3 Players Forward
Forward Time % Phy DF OF
1 Brett Maclean 60 1 2 2
2 Tyler Bozak 40 1 2 2
Penalty Kill - 3 Players Defense
Defense Defense Time % Phy DF OF
1 Lukas Krajicek Dustin Kohn 60 1 2 2
2 Matt Jones Josh Meyers 40 1 2 2
4 vs 4 Forward
Center Wing Time % Phy DF OF
1 Brett Maclean Tyler Bozak 60 1 2 2
2 Damien Brunner Kellan Lain 40 1 2 2
4 vs 4 Defense
Defense Defense Time % Phy DF OF
1 Lukas Krajicek Dustin Kohn 60 1 2 2
2 Matt Jones Josh Meyers 40 1 2 2
Last Minutes Offensive
Center Left Wing Right Wing Defense Defense
Tyler Bozak Brett Maclean Damien Brunner Lukas Krajicek Dustin Kohn
Last Minutes Defensive
Center Left Wing Right Wing Defense Defense
Tyler Bozak Brett Maclean Damien Brunner Lukas Krajicek Dustin Kohn
Goaltenders
Starting : Frederik Andersen
Backup : Jean-Francois Berube
Extra Forwards
Normal : Craig Smith, J.T. Brown, Taylor Beck - PP : Craig Smith, J.T. Brown - PK : Taylor Beck
Extra Defensemen
Normal : Tyson Barrie, Brian Dumoulin, Lukas Krajicek - PP : Tyson Barrie - PK : Brian Dumoulin, Lukas Krajicek
Penalty Shots
Brett Maclean, Tyler Bozak, Damien Brunner, Kellan Lain, Jamie Arniel
% Time on Ice - Saguenéens
Lines # - Real PCT - Wanted PCT - Time Play
Normal Forward
1 - 37% - 40% - 15:48
2 - 24% - 30% - 10:26
3 - 24% - 20% - 10:11
4 - 15% - 10% - 6:40
Normal Defense
1 - 44% - 40% - 18:58
2 - 31% - 31% - 13:31
3 - 24% - 23% - 10:14
4 - 1% - 6% - 0:22
PP Forward
1 - 54% - 60% - 5:20
2 - 46% - 40% - 4:36
PP Defense
1 - 64% - 60% - 6:22
2 - 36% - 40% - 3:34
PK Forward
1 - 81% - 60% - 5:40
2 - 19% - 40% - 1:19
PK Defense
1 - 72% - 60% - 5:00
2 - 28% - 40% - 1:59
PK3 Forward
1 - 0% - 60%
2 - 0% - 40%
PK3 Defense
1 - 0% - 60%
2 - 0% - 40%
44 Forward
1 - 0% - 60%
2 - 0% - 40%
44 Defense
1 - 0% - 60%
2 - 0% - 40%
Last Minute Offensive - 0:00
Last Minute Defensive - 0:00
Total
Forward - 60:00
Defense - 60:00
|
% Time on Ice - Diables
Lines # - Real PCT - Wanted PCT - Time Play
Normal Forward
1 - 36% - 40% - 15:32
2 - 25% - 30% - 10:52
3 - 24% - 20% - 10:32
4 - 14% - 10% - 6:09
Normal Defense
1 - 42% - 40% - 18:00
2 - 35% - 30% - 15:04
3 - 21% - 20% - 8:54
4 - 3% - 10% - 1:07
PP Forward
1 - 58% - 60% - 4:02
2 - 42% - 40% - 2:57
PP Defense
1 - 78% - 60% - 5:25
2 - 22% - 40% - 1:34
PK Forward
1 - 66% - 60% - 6:35
2 - 34% - 40% - 3:21
PK Defense
1 - 57% - 60% - 5:40
2 - 43% - 40% - 4:16
PK3 Forward
1 - 0% - 60%
2 - 0% - 40%
PK3 Defense
1 - 0% - 60%
2 - 0% - 40%
44 Forward
1 - 0% - 60%
2 - 0% - 40%
44 Defense
1 - 0% - 60%
2 - 0% - 40%
Last Minute Offensive - 0:00
Last Minute Defensive - 0:00
Total
Forward - 60:00
Defense - 60:00
|
Play by Play
1st period
0:01 of 1st period - Tyler Bozak wins face-off versus Kyle Brodziak in neutral zone.
0:05 of 1st period - Off-side.
0:06 of 1st period - Tyler Bozak wins face-off versus Kyle Brodziak in neutral zone.
0:11 of 1st period - Snap shot by Damien Brunner.
0:11 of 1st period - Stopped by Harru Sateri with a rebound.
0:14 of 1st period - Icing by Mike Sauer.
0:15 of 1st period - Kyle Brodziak wins face-off versus Kellan Lain in Saguenéens zone.
1:27 of 1st period - Snap shot by Mathieu Perreault.
1:27 of 1st period - Shot Hit the Post.
1:29 of 1st period - Snap shot by Tyler McNeely.
1:29 of 1st period - Shot Misses the Net.
1:31 of 1st period - Slapshot by Tyler McNeely.
1:31 of 1st period - Stopped by Frederik Andersen with a rebound.
2:09 of 1st period - Snap shot by Brett Maclean.
2:09 of 1st period - Deflect By Tyler Bozak.
2:09 of 1st period - Shot Blocked by Luke Witkowski.
2:09 of 1st period - Puck is out of play.
2:10 of 1st period - Brett Maclean wins face-off versus Mathieu Perreault in Saguenéens zone.
2:47 of 1st period - Off-side.
2:48 of 1st period - Taylor Beck wins face-off versus Kyle Brodziak in neutral zone.
2:53 of 1st period - Kyle Brodziak is hit by Matt Jones and loses puck.
3:02 of 1st period - Matt Jones is hit by Tyler Pitlick and loses puck.
3:13 of 1st period - Brett Maclean is hit by Brian Flynn and loses puck.
3:34 of 1st period - Double Minor Penalty to Tyler Bozak for Roughing.
3:35 of 1st period - Brett Maclean wins face-off versus Kyle Brodziak in Diables zone.
4:22 of 1st period - Lukas Krajicek is hit by Tyler Pitlick and loses puck.
5:25 of 1st period - Eric Tangradi is hit by Kellan Lain and loses puck.
7:34 of 1st period - Penalty to Tyler Bozak is over, Tyler Bozak is back on ice.
9:01 of 1st period - Icing by Tyler Bozak.
9:02 of 1st period - Tyler Bozak wins face-off versus Rhett Rakhshani in Diables zone.
9:11 of 1st period - Brandon Burlon is hit by Steve Quailer and loses puck.
9:24 of 1st period - Craig Smith is hit by Kyle Brodziak.
9:28 of 1st period - Snap shot by Kyle Brodziak.
9:28 of 1st period - Stopped by Frederik Andersen with a rebound.
9:56 of 1st period - David Rundblad is hit by Damien Brunner and loses puck.
10:13 of 1st period - J.T. Wyman is hit by Taylor Beck and loses puck.
11:01 of 1st period - Slapshot by Steve Quailer.
11:01 of 1st period - Shot Misses the Net.
11:03 of 1st period - Snap shot by Pierre-Cédric Labrie.
11:03 of 1st period - Deflect By Cody Goloubef.
11:03 of 1st period - Shot Misses the Net.
11:03 of 1st period - Puck is out of play.
11:04 of 1st period - Brian Flynn wins face-off versus Kellan Lain in Saguenéens zone.
11:46 of 1st period - Snap shot by Kellan Lain.
11:46 of 1st period - Stopped by Harru Sateri with a rebound.
11:48 of 1st period - Wrist shot by Kellan Lain.
11:48 of 1st period - Stopped by Harru Sateri with a rebound.
11:50 of 1st period - Wrist shot by Steve Quailer.
11:50 of 1st period - Shot Misses the Net.
11:52 of 1st period - Slapshot by Tyson Barrie.
11:52 of 1st period - Shot Misses the Net.
11:54 of 1st period - Slapshot by Tyson Barrie.
11:54 of 1st period - Shot Misses the Net.
11:56 of 1st period - Slapshot by Josh Meyers.
11:56 of 1st period - Shot Misses the Net.
11:58 of 1st period - Slapshot by Josh Meyers.
11:58 of 1st period - Deflect By Kellan Lain.
11:58 of 1st period - Stopped by Harru Sateri without a rebound.
11:59 of 1st period - Kyle Brodziak wins face-off versus Tyler Bozak in Saguenéens zone.
11:59 of 1st period - Kyle Brodziak is hit by Tyler Bozak.
12:09 of 1st period - Snap shot by Eric Tangradi.
12:09 of 1st period - Stopped by Frederik Andersen without a rebound.
12:10 of 1st period - Tyler Bozak wins face-off versus Kyle Brodziak in Diables zone.
12:59 of 1st period - Matt Jones is hit by Brendan Ranford and loses puck.
13:32 of 1st period - Slapshot by Rhett Rakhshani.
13:32 of 1st period - Stopped by Frederik Andersen with a rebound.
13:42 of 1st period - Dalton Prout is hit by Tyler Bozak and loses puck.
14:42 of 1st period - Wrist shot by Kyle Brodziak.
14:42 of 1st period - Shot Misses the Net.
14:54 of 1st period - Snap shot by Kyle Brodziak.
14:54 of 1st period - Shot Misses the Net.
14:56 of 1st period - Slapshot by Luke Witkowski.
14:56 of 1st period - Stopped by Frederik Andersen with a rebound.
14:58 of 1st period - Slapshot by Kyle Brodziak.
14:58 of 1st period - Goal by Kyle Brodziak - Saguenéens : 1 - Diables : 0.
14:59 of 1st period - Brian Flynn wins face-off versus Kellan Lain in neutral zone.
15:24 of 1st period - Tomas Kubalik is hit by Tyler McNeely and loses puck.
15:39 of 1st period - Mathieu Perreault is hit by Patrick Maroon.
15:43 of 1st period - Rhett Rakhshani is hit by Dustin Kohn and loses puck.
16:01 of 1st period - Wrist shot by Rhett Rakhshani.
16:01 of 1st period - Stopped by Frederik Andersen without a rebound.
16:02 of 1st period - Kellan Lain wins face-off versus David Laliberté in Diables zone.
16:04 of 1st period - Minor Penalty to Steve Quailer for Hooking.
16:05 of 1st period - Kyle Brodziak wins face-off versus Brett Maclean in Diables zone.
16:29 of 1st period - Tyler Pitlick is hit by Damien Brunner and loses puck.
17:05 of 1st period - Off-side.
17:06 of 1st period - Brian Flynn wins face-off versus Damien Brunner in neutral zone.
17:09 of 1st period - Matt Jones is hit by Cody Goloubef and loses puck.
17:16 of 1st period - Wrist shot by Eric Tangradi.
17:16 of 1st period - Shot Misses the Net.
17:44 of 1st period - Dustin Kohn is hit by Mathieu Perreault and loses puck.
18:04 of 1st period - Penalty to Steve Quailer is over, Steve Quailer is back on ice.
18:16 of 1st period - Luke Witkowski is hit by Taylor Beck and loses puck.
18:55 of 1st period - Rhett Rakhshani is hit by Patrick Maroon and loses puck.
Goals for this period are 1 for Saguenéens vs 0 for Diables.
Shots for this period are 7 for Saguenéens vs 4 for Diables.
2nd period
0:01 of 2nd period - Kyle Brodziak wins face-off versus Tyler Bozak in neutral zone.
0:35 of 2nd period - Wrist shot by David Laliberté.
0:35 of 2nd period - Shot Misses the Net.
0:45 of 2nd period - Wrist shot by J.T. Wyman.
0:45 of 2nd period - Shot Misses the Net.
0:47 of 2nd period - Backhand shot by Brandon Burlon.
0:47 of 2nd period - Deflect By J.T. Wyman.
0:47 of 2nd period - Shot Blocked by Lukas Krajicek.
0:47 of 2nd period - Puck is out of play.
0:48 of 2nd period - Jim O'Brien wins face-off versus Tyler Bozak in Diables zone.
1:17 of 2nd period - Icing by Tyler Pitlick.
1:18 of 2nd period - Craig Smith wins face-off versus Kyle Brodziak in Saguenéens zone.
1:18 of 2nd period - Craig Smith is hit by David Rundblad.
1:20 of 2nd period - Snap shot by Dustin Kohn.
1:20 of 2nd period - Shot Blocked by David Rundblad.
1:28 of 2nd period - Wrist shot by Eric Tangradi.
1:28 of 2nd period - Stopped by Frederik Andersen without a rebound.
1:29 of 2nd period - Tyler Bozak wins face-off versus Kyle Brodziak in Diables zone.
2:01 of 2nd period - Snap shot by Tim Kennedy.
2:01 of 2nd period - Goal by Tim Kennedy - Saguenéens : 2 - Diables : 0.
2:02 of 2nd period - Tyler Bozak wins face-off versus Kyle Brodziak in neutral zone.
2:14 of 2nd period - Wrist shot by Brett Maclean.
2:14 of 2nd period - Stopped by Harru Sateri with a rebound.
2:24 of 2nd period - Minor Penalty to David Rundblad for High sticking.
2:25 of 2nd period - Kyle Brodziak wins face-off versus Tyler Bozak in Saguenéens zone.
2:36 of 2nd period - Snap shot by Eric Tangradi.
2:36 of 2nd period - Deflect By Kyle Brodziak.
2:36 of 2nd period - Stopped by Frederik Andersen without a rebound.
2:37 of 2nd period - Tyler Bozak wins face-off versus Kyle Brodziak in Diables zone.
2:45 of 2nd period - Icing by Lukas Krajicek.
2:46 of 2nd period - Kyle Brodziak wins face-off versus Tyler Bozak in Diables zone.
2:55 of 2nd period - Snap shot by Damien Brunner.
2:55 of 2nd period - Shot Misses the Net.
2:57 of 2nd period - Slapshot by Lukas Krajicek.
2:57 of 2nd period - Shot Blocked by Mike Sauer.
2:57 of 2nd period - Mike Sauer from Saguenéens is injured at 2:57 of 2nd period (Upper Body).
2:58 of 2nd period - Tyler Bozak wins face-off versus Kyle Brodziak in Saguenéens zone.
3:09 of 2nd period - Brett Maclean is hit by Kyle Brodziak and loses puck.
4:24 of 2nd period - Penalty to David Rundblad is over, David Rundblad is back on ice.
4:33 of 2nd period - Icing by Cody Goloubef.
4:34 of 2nd period - Craig Smith wins face-off versus Mathieu Perreault in Saguenéens zone.
4:47 of 2nd period - Snap shot by Craig Smith.
4:47 of 2nd period - Stopped by Harru Sateri with a rebound.
4:49 of 2nd period - Slapshot by Brian Dumoulin.
4:49 of 2nd period - Stopped by Harru Sateri without a rebound.
4:50 of 2nd period - Tyler Bozak wins face-off versus Brian Flynn in Saguenéens zone.
5:03 of 2nd period - Wrist shot by Brian Flynn.
5:03 of 2nd period - Shot Misses the Net.
5:21 of 2nd period - Snap shot by Brett Maclean.
5:21 of 2nd period - Stopped by Harru Sateri without a rebound.
5:22 of 2nd period - Kellan Lain wins face-off versus Tyler McNeely in Saguenéens zone.
5:26 of 2nd period - Minor Penalty to Cody Goloubef for Hooking.
5:27 of 2nd period - Tyler Bozak wins face-off versus Kyle Brodziak in Saguenéens zone.
5:39 of 2nd period - Wrist shot by Brett Maclean.
5:39 of 2nd period - Shot Blocked by Dalton Prout.
5:41 of 2nd period - Slapshot by Dustin Kohn.
5:41 of 2nd period - Stopped by Harru Sateri with a rebound.
5:43 of 2nd period - Wrist shot by Dustin Kohn.
5:43 of 2nd period - Stopped by Harru Sateri with a rebound.
5:53 of 2nd period - Eric Tangradi is hit by Dustin Kohn and loses puck.
5:58 of 2nd period - Wrist shot by Steve Quailer.
5:58 of 2nd period - Shot Misses the Net.
6:00 of 2nd period - Snap shot by Dustin Kohn.
6:00 of 2nd period - Shot Misses the Net.
6:02 of 2nd period - Wrist shot by Lukas Krajicek.
6:02 of 2nd period - Deflect By Eric Tangradi.
6:02 of 2nd period - Stopped by Harru Sateri with a rebound.
7:14 of 2nd period - David Rundblad is hit by Kellan Lain and loses puck.
7:26 of 2nd period - Penalty to Cody Goloubef is over, Cody Goloubef is back on ice.
7:29 of 2nd period - Cody Goloubef is hit by Damien Brunner and loses puck.
7:49 of 2nd period - Patrick Maroon is hit by Mathieu Perreault and loses puck.
8:02 of 2nd period - Craig Smith is hit by Brandon Burlon and loses puck.
8:24 of 2nd period - Snap shot by Craig Smith.
8:24 of 2nd period - Stopped by Harru Sateri with a rebound.
8:28 of 2nd period - Slapshot by Craig Smith.
8:28 of 2nd period - Stopped by Harru Sateri with a rebound.
8:30 of 2nd period - Slapshot by Patrick Maroon.
8:30 of 2nd period - Shot Misses the Net.
8:32 of 2nd period - Snap shot by Lukas Krajicek.
8:32 of 2nd period - Stopped by Harru Sateri with a rebound.
8:34 of 2nd period - Slapshot by Matt Jones.
8:34 of 2nd period - Shot Blocked by Cody Goloubef.
8:46 of 2nd period - Slapshot by Craig Smith.
8:46 of 2nd period - Stopped by Harru Sateri without a rebound.
8:47 of 2nd period - Kyle Brodziak wins face-off versus Kellan Lain in Saguenéens zone.
9:02 of 2nd period - Josh Meyers is hit by Tyler Pitlick.
9:14 of 2nd period - Brett Maclean is hit by Rhett Rakhshani and loses puck.
10:28 of 2nd period - Josh Meyers is hit by Mathieu Perreault and loses puck.
11:27 of 2nd period - Snap shot by Dustin Kohn.
11:27 of 2nd period - Stopped by Harru Sateri without a rebound.
11:28 of 2nd period - Brian Flynn wins face-off versus Kellan Lain in Saguenéens zone.
11:28 of 2nd period - Brian Flynn is hit by Matt Jones.
11:44 of 2nd period - Wrist shot by Pierre-Cédric Labrie.
11:44 of 2nd period - Stopped by Harru Sateri without a rebound.
11:45 of 2nd period - Kyle Brodziak wins face-off versus Tyler Bozak in Saguenéens zone.
11:58 of 2nd period - Slapshot by David Rundblad.
11:58 of 2nd period - Shot Blocked by Lukas Krajicek.
12:11 of 2nd period - Brett Maclean is hit by Tyler Pitlick and loses puck.
12:20 of 2nd period - Slapshot by Lukas Krajicek.
12:20 of 2nd period - Shot Blocked by Brandon Burlon.
12:22 of 2nd period - Snap shot by Lukas Krajicek.
12:22 of 2nd period - Stopped by Harru Sateri without a rebound.
12:23 of 2nd period - Kellan Lain wins face-off versus Brian Flynn in Saguenéens zone.
12:30 of 2nd period - Snap shot by Pierre-Cédric Labrie.
12:30 of 2nd period - Stopped by Harru Sateri with a rebound.
13:13 of 2nd period - Patrick Maroon is hit by Kyle Brodziak and loses puck.
13:38 of 2nd period - Wrist shot by Brett Maclean.
13:38 of 2nd period - Goal by Brett Maclean - Saguenéens : 2 - Diables : 1.
13:39 of 2nd period - Tyler Bozak wins face-off versus Kyle Brodziak in neutral zone.
13:43 of 2nd period - Minor Penalty to Lukas Krajicek for Diving.
13:44 of 2nd period - Kyle Brodziak wins face-off versus Brett Maclean in Diables zone.
13:57 of 2nd period - Wrist shot by Kyle Brodziak.
13:57 of 2nd period - Shot Misses the Net.
13:59 of 2nd period - Slapshot by Kyle Brodziak.
13:59 of 2nd period - Shot Blocked by Brett Maclean.
14:55 of 2nd period - Damien Brunner is hit by Brian Flynn and loses puck.
15:10 of 2nd period - Dustin Kohn is hit by David Rundblad and loses puck.
15:26 of 2nd period - Kyle Brodziak is hit by Patrick Maroon and loses puck.
15:33 of 2nd period - Patrick Maroon is hit by Brandon Burlon and loses puck.
15:43 of 2nd period - Penalty to Lukas Krajicek is over, Lukas Krajicek is back on ice.
15:56 of 2nd period - Snap shot by Kellan Lain.
15:56 of 2nd period - Shot Misses the Net.
15:58 of 2nd period - Wrist shot by Kellan Lain.
15:58 of 2nd period - Goal by Kellan Lain - Saguenéens : 2 - Diables : 2.
15:59 of 2nd period - Jim O'Brien wins face-off versus Kellan Lain in neutral zone.
16:04 of 2nd period - Wrist shot by Jim O'Brien.
16:04 of 2nd period - Shot Blocked by Matt Jones.
16:06 of 2nd period - Backhand shot by Dalton Prout.
16:06 of 2nd period - Stopped by Frederik Andersen without a rebound.
16:07 of 2nd period - Jim O'Brien wins face-off versus Kellan Lain in Diables zone.
16:11 of 2nd period - Minor Penalty to Pierre-Cédric Labrie for Holding.
16:12 of 2nd period - Brett Maclean wins face-off versus Kyle Brodziak in Diables zone.
17:43 of 2nd period - Taylor Beck is hit by Mathieu Perreault and loses puck.
17:54 of 2nd period - Tyler Pitlick is hit by Damien Brunner and loses puck.
18:11 of 2nd period - Penalty to Pierre-Cédric Labrie is over, Pierre-Cédric Labrie is back on ice.
18:51 of 2nd period - Snap shot by Pierre-Cédric Labrie.
18:51 of 2nd period - Deflect By Brett Maclean.
18:51 of 2nd period - Shot Blocked by David Rundblad.
18:51 of 2nd period - Puck is out of play.
18:52 of 2nd period - Mathieu Perreault wins face-off versus Craig Smith in Saguenéens zone.
19:05 of 2nd period - Snap shot by Craig Smith.
19:05 of 2nd period - Shot Misses the Net.
19:07 of 2nd period - Snap shot by Craig Smith.
19:07 of 2nd period - Shot Blocked by Mathieu Perreault.
19:14 of 2nd period - Minor Penalty to Eric Tangradi for Tripping.
19:15 of 2nd period - Kellan Lain wins face-off versus Kyle Brodziak in Saguenéens zone.
19:20 of 2nd period - Snap shot by Steve Quailer.
19:20 of 2nd period - Deflect By Pierre-Cédric Labrie.
19:20 of 2nd period - Shot Blocked by Luke Witkowski.
19:20 of 2nd period - Puck is out of play.
19:21 of 2nd period - Kellan Lain wins face-off versus Kyle Brodziak in Saguenéens zone.
19:52 of 2nd period - Brandon Burlon is hit by Tyler Bozak and loses puck.
Goals for this period are 1 for Saguenéens vs 2 for Diables.
Shots for this period are 4 for Saguenéens vs 17 for Diables.
3rd period
0:01 of 3rd period - Tyler Bozak wins face-off versus Kyle Brodziak in neutral zone.
0:06 of 3rd period - Snap shot by Brett Maclean.
0:06 of 3rd period - Stopped by Harru Sateri without a rebound.
0:07 of 3rd period - Kyle Brodziak wins face-off versus Tyler Bozak in Saguenéens zone.
0:56 of 3rd period - Jim O'Brien is hit by Steve Quailer and loses puck.
1:01 of 3rd period - Snap shot by Kellan Lain.
1:01 of 3rd period - Deflect By Steve Quailer.
1:01 of 3rd period - Shot Blocked by Jim O'Brien.
1:01 of 3rd period - Puck is out of play.
1:02 of 3rd period - Kyle Brodziak wins face-off versus Tyler Bozak in Saguenéens zone.
1:13 of 3rd period - Wrist shot by Tyler Bozak.
1:13 of 3rd period - Shot Misses the Net.
1:14 of 3rd period - Penalty to Eric Tangradi is over, Eric Tangradi is back on ice.
1:23 of 3rd period - Wrist shot by Tim Kennedy.
1:23 of 3rd period - Stopped by Frederik Andersen with a rebound.
1:25 of 3rd period - Snap shot by Eric Tangradi.
1:25 of 3rd period - Shot Blocked by Damien Brunner.
1:27 of 3rd period - Snap shot by Eric Tangradi.
1:27 of 3rd period - Stopped by Frederik Andersen with a rebound.
1:29 of 3rd period - Wrist shot by Tim Kennedy.
1:29 of 3rd period - Stopped by Frederik Andersen with a rebound.
1:35 of 3rd period - Wrist shot by Tim Kennedy.
1:35 of 3rd period - Shot Misses the Net.
1:37 of 3rd period - Snap shot by Luke Witkowski.
1:37 of 3rd period - Shot Blocked by Matt Jones.
1:39 of 3rd period - Wrist shot by Eric Tangradi.
1:39 of 3rd period - Stopped by Frederik Andersen without a rebound.
1:40 of 3rd period - Mathieu Perreault wins face-off versus Kellan Lain in Diables zone.
2:14 of 3rd period - Snap shot by Eric Tangradi.
2:14 of 3rd period - Stopped by Frederik Andersen with a rebound.
2:26 of 3rd period - Matt Jones is hit by David Laliberté.
4:21 of 3rd period - Snap shot by David Rundblad.
4:21 of 3rd period - Stopped by Frederik Andersen without a rebound.
4:22 of 3rd period - Brian Flynn wins face-off versus Tyler Bozak in Diables zone.
4:57 of 3rd period - Snap shot by Pierre-Cédric Labrie.
4:57 of 3rd period - Stopped by Harru Sateri without a rebound.
4:58 of 3rd period - Damien Brunner wins face-off versus Brian Flynn in Saguenéens zone.
5:05 of 3rd period - Snap shot by Brett Maclean.
5:05 of 3rd period - Deflect By Tyler Bozak.
5:05 of 3rd period - Shot Hit the Post.
5:05 of 3rd period - Puck is out of play.
5:06 of 3rd period - Tyler Bozak wins face-off versus Brian Flynn in Saguenéens zone.
5:07 of 3rd period - Wrist shot by Brett Maclean.
5:07 of 3rd period - Stopped by Harru Sateri without a rebound.
5:08 of 3rd period - Brian Flynn wins face-off versus Damien Brunner in Saguenéens zone.
5:46 of 3rd period - Slapshot by Lukas Krajicek.
5:46 of 3rd period - Shot Misses the Net.
5:48 of 3rd period - Slapshot by Dustin Kohn.
5:48 of 3rd period - Stopped by Harru Sateri without a rebound.
5:49 of 3rd period - Kellan Lain wins face-off versus Kyle Brodziak in Saguenéens zone.
5:53 of 3rd period - Kellan Lain and Kyle Brodziak fight to a draw.
5:53 of 3rd period - Penalty to Kellan Lain for Fighting.
5:53 of 3rd period - Penalty to Kyle Brodziak for Fighting.
5:54 of 3rd period - Tyler Bozak wins face-off versus Tim Kennedy in Saguenéens zone.
6:26 of 3rd period - Wrist shot by Pierre-Cédric Labrie.
6:26 of 3rd period - Shot Misses the Net.
6:28 of 3rd period - Wrist shot by Steve Quailer.
6:28 of 3rd period - Stopped by Harru Sateri with a rebound.
6:42 of 3rd period - Wrist shot by J.T. Brown.
6:42 of 3rd period - Stopped by Harru Sateri with a rebound.
6:44 of 3rd period - Slapshot by Tyson Barrie.
6:44 of 3rd period - Stopped by Harru Sateri with a rebound.
8:21 of 3rd period - Mathieu Perreault is hit by Jamie Arniel and loses puck.
8:46 of 3rd period - Snap shot by Tomas Kubalik.
8:46 of 3rd period - Shot Blocked by J.T. Wyman.
8:48 of 3rd period - Wrist shot by Craig Smith.
8:48 of 3rd period - Stopped by Harru Sateri without a rebound.
8:49 of 3rd period - Jim O'Brien wins face-off versus Craig Smith in Saguenéens zone.
8:54 of 3rd period - Tomas Kubalik is hit by Jim O'Brien and loses puck.
9:10 of 3rd period - Icing by Jim O'Brien.
9:11 of 3rd period - Jim O'Brien wins face-off versus Tyler Bozak in Saguenéens zone.
9:18 of 3rd period - Wrist shot by Eric Tangradi.
9:18 of 3rd period - Stopped by Frederik Andersen without a rebound.
9:19 of 3rd period - Tim Kennedy wins face-off versus Tyler Bozak in Diables zone.
9:22 of 3rd period - Snap shot by Tim Kennedy.
9:22 of 3rd period - Stopped by Frederik Andersen without a rebound.
9:23 of 3rd period - Tyler Bozak wins face-off versus Tim Kennedy in Diables zone.
9:23 of 3rd period - Tyler Bozak is hit by Dalton Prout.
9:31 of 3rd period - Wrist shot by Brett Maclean.
9:31 of 3rd period - Stopped by Harru Sateri with a rebound.
9:33 of 3rd period - Slapshot by Brett Maclean.
9:33 of 3rd period - Shot Misses the Net.
10:11 of 3rd period - Off-side.
10:12 of 3rd period - Brian Flynn wins face-off versus Taylor Beck in neutral zone.
10:21 of 3rd period - Snap shot by Brian Flynn.
10:21 of 3rd period - Shot Blocked by Brian Dumoulin.
10:23 of 3rd period - Slapshot by Brian Flynn.
10:23 of 3rd period - Shot Misses the Net.
10:39 of 3rd period - Snap shot by Tyler Bozak.
10:39 of 3rd period - Shot Hit the Post.
10:49 of 3rd period - Slapshot by Brett Maclean.
10:49 of 3rd period - Shot Blocked by Brandon Burlon.
10:59 of 3rd period - Snap shot by Brandon Burlon.
10:59 of 3rd period - Shot Blocked by Kellan Lain.
11:19 of 3rd period - Slapshot by Dustin Kohn.
11:19 of 3rd period - Shot Blocked by Brandon Burlon.
11:21 of 3rd period - Slapshot by Dustin Kohn.
11:21 of 3rd period - Stopped by Harru Sateri with a rebound.
11:27 of 3rd period - Snap shot by Tomas Kubalik.
11:27 of 3rd period - Shot Misses the Net.
11:29 of 3rd period - Slapshot by Patrick Maroon.
11:29 of 3rd period - Stopped by Harru Sateri without a rebound.
11:30 of 3rd period - Tyler Bozak wins face-off versus Kyle Brodziak in Saguenéens zone.
11:43 of 3rd period - Wrist shot by Tyler Bozak.
11:43 of 3rd period - Stopped by Harru Sateri with a rebound.
12:22 of 3rd period - Tomas Kubalik is hit by Brandon Burlon and loses puck.
12:37 of 3rd period - Taylor Beck is hit by David Laliberté and loses puck.
13:16 of 3rd period - Snap shot by Taylor Beck.
13:16 of 3rd period - Goal by Taylor Beck - Saguenéens : 2 - Diables : 3.
13:17 of 3rd period - Tyler Bozak wins face-off versus Kyle Brodziak in neutral zone.
13:31 of 3rd period - Minor Penalty to Tyler Pitlick for Slashing.
13:32 of 3rd period - Kyle Brodziak wins face-off versus Tyler Bozak in Saguenéens zone.
14:05 of 3rd period - Snap shot by Steve Quailer.
14:05 of 3rd period - Shot Hit the Post.
14:11 of 3rd period - Snap shot by Kellan Lain.
14:11 of 3rd period - Goal by Kellan Lain - Saguenéens : 2 - Diables : 4.
14:12 of 3rd period - Tyler Bozak wins face-off versus Kyle Brodziak in neutral zone.
14:49 of 3rd period - Wrist shot by Steve Quailer.
14:49 of 3rd period - Shot Misses the Net.
15:27 of 3rd period - Snap shot by Jamie Arniel.
15:27 of 3rd period - Shot Misses the Net.
15:29 of 3rd period - Wrist shot by Taylor Beck.
15:29 of 3rd period - Shot Misses the Net.
15:31 of 3rd period - Snap shot by Jamie Arniel.
15:31 of 3rd period - Shot Hit the Post.
15:33 of 3rd period - Snap shot by J.T. Brown.
15:33 of 3rd period - Shot Misses the Net.
16:01 of 3rd period - Luke Witkowski is hit by Brian Dumoulin and loses puck.
16:06 of 3rd period - Wrist shot by Tyler Bozak.
16:06 of 3rd period - Shot Misses the Net.
16:20 of 3rd period - Wrist shot by Kyle Brodziak.
16:20 of 3rd period - Stopped by Frederik Andersen without a rebound.
16:21 of 3rd period - Craig Smith wins face-off versus Mathieu Perreault in Diables zone.
16:26 of 3rd period - Mathieu Perreault is hit by Craig Smith and loses puck.
17:17 of 3rd period - Snap shot by Craig Smith.
17:17 of 3rd period - Goal by Craig Smith - Saguenéens : 2 - Diables : 5.
17:18 of 3rd period - Kyle Brodziak wins face-off versus Tyler Bozak in neutral zone.
17:21 of 3rd period - Slapshot by Dalton Prout.
17:21 of 3rd period - Deflect By Eric Tangradi.
17:21 of 3rd period - Shot Misses the Net.
17:21 of 3rd period - Puck is out of play.
17:22 of 3rd period - Tyler Bozak wins face-off versus Kyle Brodziak in Diables zone.
17:22 of 3rd period - Tyler Bozak is hit by Dalton Prout.
17:52 of 3rd period - Slapshot by Lukas Krajicek.
17:52 of 3rd period - Shot Misses the Net.
17:54 of 3rd period - Slapshot by Lukas Krajicek.
17:54 of 3rd period - Shot Misses the Net.
17:56 of 3rd period - Snap shot by Pierre-Cédric Labrie.
17:56 of 3rd period - Stopped by Harru Sateri with a rebound.
18:47 of 3rd period - Icing by Cody Goloubef.
18:48 of 3rd period - Kyle Brodziak wins face-off versus Tyler Bozak in Saguenéens zone.
19:04 of 3rd period - Wrist shot by Eric Tangradi.
19:04 of 3rd period - Shot Misses the Net.
19:11 of 3rd period - Icing by Tyler Bozak.
19:12 of 3rd period - Brian Flynn wins face-off versus Tyler Bozak in Diables zone.
19:15 of 3rd period - Slapshot by Tim Kennedy.
19:15 of 3rd period - Stopped by Frederik Andersen without a rebound.
19:16 of 3rd period - Brian Flynn wins face-off versus Kellan Lain in Diables zone.
19:17 of 3rd period - Slapshot by David Laliberté.
19:17 of 3rd period - Shot Blocked by Steve Quailer.
19:25 of 3rd period - Wrist shot by Steve Quailer.
19:25 of 3rd period - Deflect By Kellan Lain.
19:25 of 3rd period - Stopped by Harru Sateri with a rebound.
19:27 of 3rd period - Snap shot by Josh Meyers.
19:27 of 3rd period - Shot Misses the Net.
19:29 of 3rd period - Snap shot by Steve Quailer.
19:29 of 3rd period - Stopped by Harru Sateri with a rebound.
19:31 of 3rd period - Slapshot by Josh Meyers.
19:31 of 3rd period - Shot Blocked by Brian Flynn.
19:37 of 3rd period - Minor Penalty to David Rundblad for High sticking.
19:38 of 3rd period - Kyle Brodziak wins face-off versus Tyler Bozak in Saguenéens zone.
19:51 of 3rd period - Wrist shot by Kyle Brodziak.
19:51 of 3rd period - Stopped by Frederik Andersen without a rebound.
19:52 of 3rd period - Kyle Brodziak wins face-off versus Tyler Bozak in Diables zone.
19:53 of 3rd period - Snap shot by Eric Tangradi.
19:53 of 3rd period - Shot Misses the Net.
Goals for this period are 0 for Saguenéens vs 3 for Diables.
Shots for this period are 11 for Saguenéens vs 18 for Diables.
Output by the SimonT Hockey Simulator (STHS) for François Prévost -- Original Page W3C XHTML 1.0 Valid